 Dungeon Crawl Stone Soup version 0.30-a0-364-gf6b3ef1049 (webtiles) character file.

Game seed: 8063031447979607520

50 pokeman the Magician (level 3, -3/20 HPs)
             Began as a Deep Elf Hedge Wizard on Nov 14, 2022.
             Splashed by a jelly's acid (8 damage)
             ... on level 2 of the Dungeon.
             The game lasted 00:02:32 (2295 turns).

pokeman the Magician (Deep Elf Hedge Wizard)        Turns: 2295, Time: 00:02:33

Health: -3/20      AC:  3    Str:  7    XL:     3   Next: 55%
Magic:  0/11       EV: 11    Int: 20    God:
Gold:   95         SH:  0    Dex: 14    Spells: 4/12 levels left

rFire   . . .      SeeInvis +    e - +0 glaive
rCold   . . .      Faith    .    (shield currently unavailable)
rNeg    . . .      Spirit   .    a - +0 leather armour
rPois   .          Reflect  .    c - +0 hat
rElec   .          Harm     .    (no cloak)
rCorr   .          Rampage  .    (no gloves)
Will    .....                    (no boots)
Stlth   ++........               (no amulet)
HPRegen 0.23/turn                m - +4 ring of protection
MPRegen 0.12/turn                p - ring of see invisible

@: corroded, very slightly contaminated
A: no striking features
a: no special abilities


You were on level 2 of the Dungeon.
You visited 1 branch of the dungeon, and saw 2 of its levels.

You collected 95 gold pieces.

Inventory:

Hand Weapons
 e - a +0 glaive (weapon)
Armour
 a - a +0 leather armour (worn)
 c - a +0 hat (worn)
Jewellery
 m - a +4 ring of protection (left hand)
 p - a ring of see invisible (right hand)
Scrolls
 g - a scroll of teleportation {unknown}
 h - a scroll of blinking {unknown}
 k - a scroll of immolation {unknown}
 n - a scroll of identify {unknown}
 o - a scroll of vulnerability {unknown}
Potions
 b - 3 potions of degeneration {unknown}
 d - a potion of magic
 f - a potion of cancellation {unknown}
 i - 2 potions of curing {unknown}
 j - a potion of berserk rage {unknown}
 l - a potion of brilliance {unknown}


   Skills:
 - Level 1.0 Fighting
 - Level 1.0 Armour
 + Level 2.4 Dodging
 + Level 2.4 Stealth
 * Level 5.3 Spellcasting
 + Level 1.9 Conjurations
 - Level 1.1 Summonings
 - Level 1.1 Translocations


You had 4 spell levels left.
You knew the following spells:

 Your Spells              Type           Power      Damage    Failure   Level
a - Magic Dart            Conj           52%        1d5       8%          1
b - Mephitic Cloud        Conj/Pois/Air  7%         N/A       36%         3
c - Call Imp              Summ           9%         N/A       16%         2
d - Blink                 Tloc           18%        N/A       16%         2

Your spell library contained the following spells:

 Spells                   Type           Power      Damage    Failure   Level
 Slow                     Hex            20%        N/A       17%         1
 Cigotuvi's Dreadful Rot  Necr/Pois/Air  10%        N/A       26%         2


Dungeon Overview and Level Annotations

Branches:
Dungeon (2/15)

Altars:


Message History

The jelly is moderately wounded.
Casting: Magic Dart (safe; 8% risk of failure)
Confirm with . or Enter, or press ? or * to list all spells.
Aiming: Magic Dart (safe; 8% risk of failure)
Press: ? - help, Shift-Dir - straight line, f - endoplasm
Aim: an endoplasm (almost dead, 100% to hit)
You miscast Magic Dart.
You are very lightly contaminated with residual magic.
Nothing appears to happen.
Casting: Magic Dart (safe; 8% risk of failure)
Confirm with . or Enter, or press ? or * to list all spells.
Aiming: Magic Dart (safe; 8% risk of failure)
Press: ? - help, Shift-Dir - straight line, f - jelly
Aim: a jelly (moderately wounded, 100% to hit)
The magic dart hits the jelly.
The jelly is heavily wounded.
An endoplasm comes into view.
The jelly hits you but does no damage.
Casting: Magic Dart (safe; 8% risk of failure)
Confirm with . or Enter, or press ? or * to list all spells.
Aiming: Magic Dart (safe; 8% risk of failure)
Press: ? - help, Shift-Dir - straight line, f/p - jelly
Aim: a jelly (heavily wounded, 100% to hit)
The magic dart hits the jelly.
The jelly is heavily wounded.
The endoplasm quivers.
The jelly hits you. The acid corrodes you!
You are splashed with acid!
Casting: Magic Dart (safe; 8% risk of failure)
Confirm with . or Enter, or press ? or * to list all spells.
A beastly little devil appears in a puff of frigid air.
The jelly closely misses you.
Unknown command.
Your white imp hits the endoplasm but does no damage.
You hit the jelly.
Your hands burn!
* * * LOW HITPOINT WARNING * * *
The jelly is heavily wounded.
The jelly hits you.
* * * LOW HITPOINT WARNING * * *
You are splashed with acid!
You die...

.#
#...'..<......#...............
.#
#...##########################
.# ##### ### #....... .#
#######.## #.###### .#
#####....#.#.# #.......
.####.##.....#.#)# #.......
...##.'......#'#.# #.######
.#....)).......#.# #.#
.####.'........#@# #.# .#
#.##.......#J# #.# .#
#####......##J..P.P. #.######
.# ######## #5..... #......<
(# ###### ###### ######## .#
#....####################
#........................
####.#########...........
#.#....(..#...........


You could see a jelly, an endoplasm (ally target) and a friendly white imp
(summoned).

Vanquished Creatures
  An adder (D:2)
  A dart slug (D:2)
  A bat (D:2)
  4 endoplasms
  2 giant cockroaches
  A goblin (D:1)
  8 hobgoblins
  2 jackals (D:1)
  7 kobolds
  A ball python (D:2)
  A frilled lizard (D:1)
  5 rats
34 creatures vanquished.

Vanquished Creatures (others)
  7 toadstools (D:2)
7 creatures vanquished.

Grand Total: 41 creatures vanquished

Notes
Turn   | Place    | Note
-------+----------+-------------------------------------------
     0 | D:1      | pokeman the Deep Elf Hedge Wizard began the quest for the
                  | Orb.
     0 | D:1      | Reached XP level 1. HP: 10/10 MP: 7/7
   273 | D:1      | Reached XP level 2. HP: 16/16 MP: 1/9
  1174 | D:2      | Reached skill level 5 in Spellcasting
  1550 | D:2      | Reached XP level 3. HP: 20/20 MP: 5/11
  1554 | D:2      | Learned a level 3 spell: Mephitic Cloud
  1557 | D:2      | Learned a level 2 spell: Call Imp
  1560 | D:2      | Learned a level 2 spell: Blink
  2155 | D:2      | Reached skill level 1 in Armour
  2160 | D:2      | Reached skill level 1 in Fighting
  2295 | D:2      | Splashed by a jelly's acid

Illustrated notes

Levels and vault maps discovered:
D:1:      wander_arrival_peaceful_grave, layout_basic
D:2:      cheibrodos_fertilizer, layout_basic

Skill      XL: |  1  2  3 |
---------------+----------+-----
Spellcasting   | 5 |  5.3
Armour         | 1 |  1.0
Fighting       | 1 |  1.0
Dodging        | |  2.4
Stealth        | |  2.4
Conjurations   | |  1.9
Summonings     | |  1.1
Translocations | |  1.1

Action                   || total
-------------------------++-------
Melee: Dagger            ||     7
       Glaive            ||     6
 Cast: Magic Dart        ||    91
       Call Imp          ||     1
 Stab: Sleeping          ||     1
Armor: Leather armour    ||     3
       Robe              ||     1
Dodge: Dodged            ||    10

Table legend: (Time is in decaauts)
 A = Elapsed time spent in this place.
 B = Non-inter-level travel time spent in this place.
 C = Inter-level travel time spent in this place.
 D = Time resting spent in this place.
 E = Time spent auto-exploring this place.
 F = Levels seen in this place.
 G = Mean time per level.
                   A        B        C        D        E       F      G
               +--------+--------+--------+--------+--------+-----+--------+
         Total |   2296 |   2259 |     37 |      0 |   2026 |   2 | 1148.0 |
       Dungeon |   2296 |   2259 |     37 |      0 |   2026 |   2 | 1148.0 |
               +--------+--------+--------+--------+--------+-----+--------+

Top non-repeatable levels by time:
     D:2: 1187 daAuts
     D:1: 1109 daAuts
